 Dungeon Crawl Stone Soup version 0.20-a0-622-g01f5896 (webtiles) character file.

1541782 junb69 the Acrobat (level 26, 142/142 HPs)
             Began as a Spriggan Enchanter on Feb 8, 2017.
             Was the Champion of Dithmenos.
             Escaped with the Orb
             ... and 3 runes on Feb 9, 2017!
             The game lasted 06:23:44 (82595 turns).

junb69 the Acrobat (Spriggan Enchanter)            Turns: 82595, Time: 06:23:45

Health: 142/142    AC: 17    Str:  9    XL:     26   Next: 48%
Magic:  40/42      EV: 41    Int: 22    God:    Dithmenos [******]
Gold:   125        SH: 13    Dex: 25    Spells: 6/62 levels left

rFire    + . .     SeeInvis +   v - +9 rapier (elec)
rCold    . . .     Gourm    .   N - +5 steam dragon scales
rNeg     . . .     Faith    .   C - +2 buckler {rF+}
rPois    .         Spirit   .   b - +2 hat
rElec    +         Reflect  +   H - +0 cloak "Tyunips" {rElec} (curse)
rCorr    .         Harm     .   (gloves unavailable)
MR       ++++.                  (boots unavailable)
Stlth    ++++++....             r - amulet "Waemu" {Reflect Dex+3 SH+2}
Regen    0.4/turn               M - +4 ring of intelligence
                                c - +4 ring of protection

@: slightly contaminated, hasted, wreathed by umbra, very quick
A: unfitting armour, see invisible, herbivore 3, speed 3, low mp 1, slow
metabolism 2, wild magic 1
0: Orb of Zot
}: 3/15 runes: barnacled, silver, gossamer
a: Shadow Step, Shadow Form, Renounce Religion


You escaped.
You worshipped Dithmenos.
Dithmenos was exalted by your worship.
You were full.

You visited 10 branches of the dungeon, and saw 50 of its levels.
You visited 1 bazaar.
You also visited: Labyrinth and Desolation.

You collected 7002 gold pieces.
You spent 6877 gold pieces at shops.

Inventory:

Hand Weapons
 v - a +9 rapier of electrocution (weapon)
Missiles
 D - 11 throwing nets (quivered)
Armour
 b - a +2 hat (worn)
 C - a +2 buckler of fire resistance (worn)
 H - the cursed +0 cloak "Tyunips" (worn) {rElec}
   (You found it on level 5 of the Vaults)

   It insulates you from electricity.
   It has a curse placed upon it.
 N - +5 steam dragon scales (worn)
Jewellery
 c - a +4 ring of protection (left hand)
 p - an uncursed ring of flight
 r - the amulet "Waemu" (around neck) {Reflect Dex+3 SH+2}
   (You found it in the Desolation of Salt)

   [amulet of reflection]

   It shields you and reflects attacks.
   It affects your dexterity (+3).
   It affects your SH (+2).
 M - a +4 ring of intelligence (right hand)
 R - the ring "Ducaimy" {EV+3 Str+7}
   (You found it on level 3 of the Depths)

   [ring of evasion]

   It affects your evasion (+3).
   It affects your strength (+7).
 X - the ring of Zopieh {rF+ Dex+3}
   (You found it on level 3 of the Elven Halls)

   [ring of protection from fire]

   It affects your dexterity (+3).
   It protects you from fire.
Wands
 g - a wand of iceblast (4/15)
 i - a wand of disintegration (9/24)
 q - a wand of scattershot (3/9)
 K - a wand of digging (11/24)
 O - a wand of acid (2/15)
 S - a wand of confusion (30/48)
 T - a wand of disintegration (10/24)
 V - a wand of iceblast (12/15)
 Z - a wand of scattershot (5/9)
Scrolls
 a - 2 scrolls of identify
 j - 5 scrolls of amnesia
 t - 3 scrolls of enchant armour
 y - 3 scrolls of blinking
 z - 14 scrolls of teleportation
 A - 8 scrolls of fear
 B - a scroll of enchant weapon
 I - 3 scrolls of recharging
 J - 21 scrolls of remove curse
 L - 3 scrolls of fog
Potions
 e - 3 potions of cancellation
 f - 16 potions of curing
 h - a potion of resistance
 l - 11 potions of agility
 n - 8 potions of flight
 o - 7 potions of lignification
 s - 2 potions of invisibility
 u - 9 potions of heal wounds
 x - 5 potions of might
 P - 11 potions of brilliance
 W - a potion of haste
Books
 m - a book of the Warp

   Spells                             Type                      Level
   a - Gell's Gravitas                Hexes/Translocation          3
   b - Portal Projectile              Translocation                3
   c - Force Lance                    Conjuration/Translocation    4
   d - Dispersal                      Translocation                6
   e - Controlled Blink               Translocation                8
   f - Disjunction                    Translocation                8
 Y - a Grand Grimoire

   Spells                             Type                      Level
   a - Monstrous Menagerie            Summoning                    7
   b - Summon Greater Demon           Summoning                    7
   c - Malign Gateway                 Summoning/Translocation      7
   d - Summon Horrible Things         Summoning                    8
Miscellaneous
 w - 3 sacks of spiders
 E - 3 phantom mirrors
 G - a box of beasts
 U - a phial of floods
Comestibles
 d - 17 bread rations
 k - 16 royal jellies


   Skills:
 - Level 15.7 Fighting
 - Level 14.0 Short Blades
 - Level 3.5 Armour
 - Level 23.6 Dodging
 - Level 22.7 Stealth
 - Level 6.0 Shields
 - Level 18.9 Spellcasting
 - Level 1.2 Conjurations
 - Level 19.4 Hexes
 - Level 11.3 Charms
 * Level 13.1 Summonings
 - Level 5.8 Necromancy
 - Level 17.7 Translocations
   Level 1.4 Ice Magic
 - Level 7.9 Air Magic
 - Level 3.3 Invocations
 - Level 17.1 Evocations


You had 6 spell levels left.
You knew the following spells:

 Your Spells              Type           Power        Failure   Level  Hunger
a - Deflect Missiles      Chrm/Air       ######....   14%         6    ####...
b - Invisibility          Hex            #######.     1%          6    ####...
c - Confuse               Hex            #######.     1%          3    None
d - Dazzling Spray        Conj/Hex       ######       1%          3    None
e - Regeneration          Chrm/Necr      ######....   1%          3    None
f - Shadow Creatures      Summ           N/A          3%          6    ####...
g - Disjunction           Tloc           #######...   17%         8    #######
h - Aura of Abjuration    Summ           #######...   1%          5    None
i - Discord               Hex            #######...   12%         8    #######
k - Summon Butterflies    Summ           #######.     1%          1    None
l - Malign Gateway        Summ/Tloc      #######...   8%          7    #####..


Dungeon Overview and Level Annotations

Branches:
Dungeon (15/15)            Temple (1/1) D:5            Lair (6/6) D:8
 Shoals (4/4) Lair:4       Spider (4/4) Lair:3        Slime (0/5) Lair:6
    Orc (2/2) D:9             Elf (3/3) Orc:2        Vaults (5/5) D:14
  Crypt (0/3) Vaults:2     Depths (5/5) D:15            Zot (5/5) Depths:5

Altars:
Ashenzari
Cheibriados
Dithmenos
Elyvilon
Fedhas
Nemelex Xobeh
Qazlal
Ru
Sif Muna
Vehumet
Yredelemnul
Zin
The Shining One
Jiyva

Shops:
D:4 ([(   D:12 *(*(   Orc:2 }:[%?   Elf:2 [   Vaults:5 ??%!?%!%   Depths:1 }}=

Portals:
Hell: Depths:1 Depths:2 Depths:3 Depths:4 Depths:5
Abyss: Depths:3 Depths:4
Pandemonium: Depths:3 Depths:5
Ziggurat: Depths:3

Annotations:
D:5 nht's ghost, novice MiGl
D:14 Agnes
D:15 exclusion: Roxanne, Roxanne


Innate Abilities, Weirdness & Mutations

You are very small and have problems with some larger weapons.
You are too small for most types of armour.
You have supernaturally acute eyesight. (SInv)
You are a herbivore.
You cover ground extremely quickly.
You need consume almost no food.
Your magical capacity is low. (-10% MP)
Your spells are a little harder to cast, but a little more powerful.


Message History

Casting: Disjunction
Confirm with . or Enter, or press ? or * to list all spells.
The spell is very dangerous to cast!
Continue anyway?
You are lightly contaminated with residual magic.
The blizzard demon gestures at you. The freezing blast misses you.
The blizzard demon blinks!
The blizzard demon gestures at you. The bolt of cold misses you.
There is a stone staircase leading up here.
You climb upwards.
There is a stone staircase leading down here.
Unknown command.
The translocation energy dissipates.
You feel yourself speed up.
There is a fountain of clear blue water here.
A chaos spawn comes into view.
There is an open door here.
There is a staircase leading out of the dungeon here.
You have escaped!

#.#####...##.##
#.##..........#####
#.##.###...........
##########.##.# #####..####.
#...........#.#######..####.
#.######....................
#.# #.⌠...⌠..#####.#####.
#.# ###..###...# #.# #. #.#
#....'@#...# #.# #. #.#
#.#..###...# #.#####.
#.####.#.⌠...⌠..# #....>..
#...............# #######.
##.....#######4.# #..
#.##### #..# #.. #.#
#..##########.. #.#
#.(..........#. #######.##
##.#########.#.


You could see a chaos spawn.

Vanquished Creatures
  2 ancient liches
  4 caustic shrikes (Depths:2)
  A Killer Klown (Zot:5)
  A bone dragon (Depths:5)
  Nikola (Spider:2)
  5 golden dragons
  The ghost of Nico3ck the Fencer, an adept FoFi of Okawaru (Desolation)
  Jorgrun (Spider:4)
  Arachne (Spider:2)
  9 tentacled monstrosities
  Rupert (D:14)
  9 Orb Guardians (Zot:5)
  3 liches
  4 quicksilver dragons
  5 titans
  Frances (Elf:1)
  A sphinx (shapeshifter) (Depths:3)
  4 sphinxes
  Kirke (Elf:1)
  3 death cobs
  4 storm dragons
  11 tengu reavers
  2 storm dragons (shapeshifter) (Depths:3)
  Donald (Spider:2)
  10 shadow dragons
  A frost giant (shapeshifter) (Depths:3)
  16 fire giants
  An azure jelly (shapeshifter) (Depths:3)
  19 frost giants
  2 iron dragons (Depths:4)
  2 draconian knights
  2 imperial myrmidons (Desolation)
  A ghost moth (Spider:4)
  A draconian scorcher (Depths:5)
  14 vault wardens
  5 deep elf elementalists
  5 draconian shifters
  4 emperor scorpions (Spider:4)
  Louise (Spider:2)
  9 deep elf sorcerers
  A curse skull (Vaults:2)
  A draconian stormcaller (Zot:5)
  2 spriggan defenders
  19 ironheart preservers
  2 entropy weavers
  18 very ugly things
  A vampire knight (Depths:1)
  3 war gargoyles
  25 stone giants
  9 deep elf demonologists
  A dire elephant (Lair:6)
  A black draconian (Depths:5)
  3 purple draconians (Zot:5)
  2 green draconians
  11 deep elf annihilators
  7 spark wasps
  2 red draconians
  A spark wasp (shapeshifter) (Depths:4)
  3 halazid warlocks (Desolation)
  3 yellow draconians
  3 white draconians
  Azrael (D:15)
  8 deep elf death magi
  18 ettins
  A fire dragon (shapeshifter) (Vaults:5)
  A crystal guardian (Depths:3)
  8 ragged hierophants (Desolation)
  5 merfolk impalers
  5 great orbs of eyes
  5 merfolk javelineers (Shoals:4)
  A minotaur (shapeshifter) (Depths:3)
  21 yaktaur captains
  A minotaur (Lab)
  5 deep elf high priests (Elf:3)
  10 fire dragons
  A hell beast (Depths:5)
  7 servants of whispers (Desolation)
  21 vault guards
  8 ice dragons
  8 peacekeepers (Desolation)
  8 rakshasas
  12 hydras
  2 merfolk avatars
  10 spriggan air magi
  A catoblepas (Lair:6)
  4 merfolk aquamancers
  2 alligator snapping turtles (Shoals:4)
  22 dancing weapons
  4 satyrs
  3 death knights
  74 two-headed ogres
  A catoblepas (shapeshifter) (Depths:1)
  A death yak (Lair:6)
  23 ogre magi
  10 deep troll earth magi
  A two-headed ogre (shapeshifter) (Depths:2)
  14 centaur warriors
  10 tengu warriors
  A vampire mage (Vaults:2)
  5 deep troll shamans
  Urug (D:14)
  3 spriggan berserkers
  27 deep elf knights
  A soul eater (Depths:5)
  A sun demon (Depths:5)
  6 hell knights
  A shadow wraith (Vaults:3)
  2 iron trolls
  An iron troll (shapeshifter) (Depths:1)
  A spark wasp zombie (Depths:2)
  5 skeletal warriors
  An entropy weaver zombie (Vaults:3)
  7 glowing orange brains
  18 deep trolls
  7 wizards
  3 flayed ghosts
  13 sea snakes
  18 deep elf archers
  A kraken simulacrum (Shoals:4)
  A swamp dragon (Lair:6)
  18 ironbrand convokers
  4 unseen horrors
  4 phantasmal warriors
  37 ugly things
  A sphinx zombie (Depths:2)
  4 necromancers
  2 lindwurms (Lair:6)
  13 orc knights
  A harpy (shapeshifter) (Vaults:1)
  21 harpies
  The ghost of Crishpax the Thaumaturge, a novice DEWz of Vehumet (D:8)
  An orb spider (shapeshifter) (Elf:1)
  A cyclops (shapeshifter) (Depths:5)
  79 deep elf magi
  12 fauns
  A salamander (Depths:2)
  14 manticores
  21 orb spiders
  An orc sorcerer (Vaults:1)
  12 cyclopes
  2 oklob plants (Shoals:2)
  2 moths of wrath
  An elephant (shapeshifter) (D:15)
  45 wolf spiders
  10 merfolk sirens
  A frost giant skeleton (Vaults:3)
  4 black mambas
  A rust devil (Depths:5)
  2 elephants
  2 centaur zombies
  2 naga magi (Depths:3)
  12 vault sentinels
  An eye of devastation (shapeshifter) (Depths:3)
  A water nymph (Shoals:4)
  A water nymph (shapeshifter) (Depths:5)
  2 torpor snails (shapeshifter)
  4 guardian serpents (Desolation)
  A gargoyle (D:13)
  17 spiny frogs
  3 molten gargoyles (Desolation)
  3 torpor snails
  12 rime drakes
  An anaconda simulacrum (Depths:3)
  A kobold demonologist (D:13)
  2 efreet
  3 demonic crawlers
  20 komodo dragons
  A komodo dragon (shapeshifter) (Vaults:1)
  66 yaktaurs
  An ice devil (Depths:5)
  9 freezing wraiths
  8 trolls
  3 tengu conjurers
  7 hornets
  23 jumping spiders
  33 merfolk
  A polar bear (shapeshifter) (Vaults:5)
  4 wind drakes
  A wind drake (shapeshifter) (Vaults:4)
  8 hippogriffs
  A blink frog (shapeshifter) (Vaults:1)
  19 blink frogs
  A harpy skeleton (D:13)
  2 hornets (shapeshifter)
  13 snapping turtles
  17 dream sheep
  56 saltlings (Desolation)
  A spriggan zombie (Depths:2)
  37 slime creatures
  12 air elementals
  2 hippogriffs (shapeshifter)
  Sigmund (D:6)
  A stone giant simulacrum (Vaults:3)
  3 shadows
  Eustachio (D:6)
  A wyvern (Lair:2)
  A vampire (D:15)
  38 redbacks
  25 tarantellas
  4 wraiths
  7 basilisks
  A hog (Elf:1)
  11 water elementals
  2 tarantellas (shapeshifter)
  15 humans (D:14)
  37 yaks
  An orc simulacrum (Vaults:1)
  Grum (Lair:1)
  A basilisk (shapeshifter) (Vaults:2)
  A neqoxec (D:11)
  2 hungry ghosts
  10 steam dragons
  11 fire elementals
  10 vampire mosquitoes
  3 soldier ants
  4 wargs
  4 acid dragons
  A hydra simulacrum (Depths:3)
  12 water moccasins
  8 porcupines
  A floating eye (Depths:5)
  2 hell hounds (D:15)
  2 swamp drakes (Lair:6)
  4 sky beasts
  A black bear (D:8)
  3 human zombies (Vaults:3)
  An ice beast (D:6)
  2 phantoms
  3 boggarts (Depths:1)
  26 orc warriors
  An ettin simulacrum (Vaults:3)
  A necrophage (D:12)
  58 ogres
  16 centaurs
  17 wolves
  13 crocodiles
  Blork the orc (D:8)
  7 big kobolds
  21 bullfrogs
  An earth elemental (Elf:2)
  14 human skeletons
  2 wyvern zombies
  2 glowing shapeshifter simulacra
  8 scorpions
  An elf simulacrum (Vaults:1)
  A wight (Vaults:2)
  6 killer bees (D:8)
  5 electric eels
  A howler monkey (D:6)
  4 jellies
  A human simulacrum (Vaults:3)
  5 crimson imps
  7 orc priests
  8 centaur skeletons
  8 hounds
  6 iguanas
  22 orc wizards
  A hell rat (Lair:6)
  12 worker ants
  A hound zombie (D:7)
  A worker ant zombie (D:11)
  3 gnolls (D:8)
  9 adders
  5 shadow imps
  An ooze (D:3)
  2 adder skeletons
  An adder zombie (D:7)
  2 worms
  3 dart slugs
  5 leopard geckos
  69 orcs
  11 bats
  3 giant cockroaches
  3 goblins
  12 hobgoblins
  6 jackals
  A quokka (D:6)
  2 ball pythons (D:1)
  5 frilled lizards
  A giant cockroach zombie (D:6)
  A jackal zombie (D:5)
  16 kobolds
  A quokka skeleton (D:8)
  A quokka zombie (D:7)
  8 rats
2163 creatures vanquished.

Vanquished Creatures (collateral kills)
  A juggernaut (shapeshifter) (Depths:3)
  A caustic shrike (Depths:4)
  A golden dragon (Zot:5)
  A Tzitzimitl (Depths:5)
  An electric golem (Zot:3)
  4 Orb Guardians (Zot:5)
  4 tentacled monstrosities
  A deep elf blademaster (Elf:2)
  A lich (Vaults:5)
  A titan (Vaults:5)
  A death cob (Zot:5)
  A sphinx (Vaults:5)
  2 shadow dragons
  A frost giant (Vaults:5)
  A vault warden (Vaults:5)
  A deep elf sorcerer (Vaults:5)
  4 deep elf elementalists
  2 ghost moths (Spider:4)
  A draconian scorcher (Zot:5)
  A ghost moth (shapeshifter) (Depths:1)
  3 war gargoyles
  A small abomination (Depths:4)
  5 deep elf annihilators
  A halazid warlock (Desolation)
  A purple draconian (Zot:5)
  3 deep elf death magi
  4 yaktaur captains (Vaults:5)
  A ragged hierophant (Desolation)
  2 deep elf high priests
  A rakshasa (Depths:1)
  A great orb of eyes (Depths:4)
  6 vault guards
  A servant of whispers (Desolation)
  A peacekeeper (Desolation)
  A juggernaut simulacrum (Depths:3)
  A spriggan air mage (Depths:5)
  An ogre mage (Vaults:2)
  7 dancing weapons
  A merfolk aquamancer (Shoals:4)
  A spriggan berserker (Depths:2)
  A tengu warrior (Depths:4)
  2 deep elf knights
  A sea snake (Shoals:4)
  2 deep trolls (Depths:1)
  A glowing orange brain (Depths:1)
  2 ironbrand convokers (Vaults:5)
  An orc knight (Vaults:5)
  3 deep elf magi (Elf:3)
  A wolf spider (Spider:1)
  A cyclops (shapeshifter) (Vaults:5)
  An elephant (Lair:5)
  A merfolk siren (Shoals:3)
  7 ugly things (Depths:1)
  A vault sentinel (Vaults:5)
  A torpor snail (shapeshifter) (Vaults:5)
  2 water nymphs (Shoals:4)
  A freezing wraith (Vaults:5)
  3 yaktaurs
  A demonic crawler (Spider:4)
  2 jumping spiders (Spider:1)
  A tengu simulacrum (Depths:2)
  6 saltlings (Desolation)
  2 air elementals (Depths:5)
  6 redbacks
  3 water elementals
  A tarantella (Spider:1)
  A warg (Vaults:5)
  3 ogres
  An earth elemental (Elf:1)
  A worm (D:5)
  An orc (Vaults:5)
  A jackal (D:5)
  A crawling corpse (Depths:4)
  A fungus (Lair:6)
138 creatures vanquished.

Vanquished Creatures (others)
  3 deep elf master archers (Elf:3)
  4 eldritch tentacles
  A tengu reaver (Vaults:5)
  Ilsuiw (Shoals:4)
  A stone giant (Vaults:5)
  A merfolk javelineer (Shoals:4)
  3 yaktaur captains (Vaults:5)
  3 vault guards (Vaults:5)
  A two-headed ogre (Vaults:1)
  2 centaur warriors
  2 ogre magi
  A deep elf archer (Elf:1)
  A deep elf mage (Elf:1)
  An orc sorcerer (Vaults:5)
  9 yaktaurs
  A redback (Spider:1)
  2 humans (Elf:1)
  A centaur (Vaults:1)
  A crimson imp (D:15)
  An orc (Vaults:5)
  8 fungi
  21 plants
69 creatures vanquished.

Grand Total: 2370 creatures vanquished

Notes
Turn   | Place    | Note
-------+----------+-------------------------------------------
     0 | D:1      | junb69 the Spriggan Enchanter began the quest for the Orb.
     0 | D:1      | Reached XP level 1. HP: 9/9 MP: 5/5
   244 | D:1      | Reached XP level 2. HP: 14/14 MP: 6/6
   252 | D:1      | Reached skill level 5 in Stealth
   256 | D:1      | Learned a level 2 spell: Ensorcelled Hibernation
  1035 | D:2      | Reached XP level 3. HP: 13/17 MP: 8/8
  1616 | D:2      | Reached XP level 4. HP: 19/21 MP: 6/9
  1641 | D:2      | Learned a level 3 spell: Confuse
  3290 | D:3      | Found a white marble altar of Elyvilon.
  3297 | D:3      | Reached XP level 5. HP: 25/25 MP: 3/10
  3305 | D:3      | Learned a level 3 spell: Dazzling Spray
  3641 | D:4      | Reached skill level 4 in Dodging
  3673 | D:4      | Found a stormy altar of Qazlal.
  3715 | D:4      | Found Tocykats's Antique Weapon Boutique.
  3759 | D:4      | Reached skill level 5 in Dodging
  3759 | D:4      | Reached XP level 6. HP: 29/29 MP: 5/11
  3860 | D:4      | Found Vujank's Antique Armour Emporium.
  3868 | D:4      | Bought a distressingly furry robe for 119 gold pieces
  3878 | D:4      | Identified the cursed -5 robe of Misfortune {-Cast *Contam *Tele *Drain EV-5 Stlth-- *Curse} (You bought it in a shop on level 4 of the Dungeon)
  4037 | D:4      | Found Beazann's Antique Weapon Emporium.
  4058 | D:5      | Entered Level 5 of the Dungeon
  4207 | D:5      | Found a staircase to the Ecumenical Temple.
  4601 | D:5      | Noticed nht's ghost (novice MiGl)
  5092 | D:6      | Noticed Eustachio
  5103 | D:6      | Noticed a sky beast
  5123 | D:6      | Noticed an ice beast
  5305 | D:4      | Reached skill level 1 in Fighting
  5744 | Temple   | Entered the Ecumenical Temple
  5777 | Temple   | Became a worshipper of Dithmenos the Shadowed
  6566 | D:4      | Reached XP level 7. HP: 35/35 MP: 12/12
  6816 | D:5      | Found a glowing golden altar of the Shining One.
  7374 | D:6      | Reached * piety under Dithmenos
  7374 | D:6      | Reached skill level 5 in Short Blades
  7416 | D:6      | Killed Eustachio
  7416 | D:6      | Reached XP level 8. HP: 40/40 MP: 4/15
  7643 | D:6      | Noticed Sigmund
  7656 | D:6      | Killed Sigmund
  7656 | D:6      | Reached skill level 6 in Dodging
  7656 | D:6      | Reached skill level 5 in Hexes
  7690 | D:4      | Bought a cloak for 94 gold pieces
  7910 | D:6      | Reached skill level 7 in Dodging
  8106 | D:6      | Found a glowing silver altar of Zin.
  8106 | D:6      | Found a basalt altar of Yredelemnul.
  8237 | D:7      | Reached skill level 8 in Dodging
  8698 | D:7      | Reached skill level 1 in Ice Magic
  8698 | D:7      | Reached XP level 9. HP: 40/44 MP: 8/17
  8835 | D:7      | Reached skill level 1 in Conjurations
  8957 | D:7      | Reached ** piety under Dithmenos
  8957 | D:7      | Reached skill level 9 in Dodging
  9065 | D:7      | Found a blossoming altar of Fedhas.
  9076 | D:7      | Reached skill level 1 in Invocations
  9076 | D:7      | Reached skill level 1 in Evocations
  9833 | D:8      | Noticed Crishpax's ghost (novice DEWz)
  9936 | D:8      | Found a staircase to the Lair.
 10285 | D:8      | Noticed a troll
 10288 | D:8      | Killed a troll
 10447 | D:8      | Noticed Blork the orc
 10452 | D:8      | Killed Blork the orc
 10457 | D:8      | Found a deep blue altar of Sif Muna.
 10604 | D:9      | Found a staircase to the Orcish Mines.
 10631 | D:9      | Found a shattered altar of Ashenzari.
 10919 | D:9      | Reached skill level 10 in Stealth
 10919 | D:9      | Reached skill level 5 in Evocations
 11084 | D:10     | Entered Level 10 of the Dungeon
 11315 | D:10     | Noticed a two-headed ogre
 11319 | D:10     | Killed a two-headed ogre
 11319 | D:10     | Reached XP level 10. HP: 40/49 MP: 18/18
 11717 | D:10     | Reached *** piety under Dithmenos
 11994 | Lair:1   | Entered Level 1 of the Lair of Beasts
 12024 | Lair:1   | Noticed a spiny frog
 12028 | Lair:1   | Killed a spiny frog
 12028 | Lair:1   | Reached skill level 1 in Shields
 12292 | Lair:1   | Noticed Grum
 12427 | Lair:1   | Noticed a five-headed hydra
 12435 | Lair:1   | Killed a five-headed hydra
 12457 | Lair:1   | Noticed a spiny frog
 12464 | Lair:1   | Killed a spiny frog
 12486 | Lair:1   | Noticed a spiny frog
 12489 | Lair:1   | Killed a spiny frog
 12489 | Lair:1   | Reached skill level 5 in Fighting
 12489 | Lair:1   | Reached XP level 11. HP: 54/55 MP: 11/19
 12492 | Lair:1   | Killed Grum
 13736 | Lair:2   | Reached skill level 5 in Shields
 13840 | Lair:2   | Reached **** piety under Dithmenos
 14331 | Lair:3   | Noticed a wolf spider
 14332 | Lair:3   | Found a hole to the Spider Nest.
 14356 | Lair:3   | Killed a wolf spider
 14534 | Lair:3   | Noticed a five-headed hydra
 14534 | Lair:3   | Noticed a four-headed hydra
 15033 | Lair:3   | Reached XP level 12. HP: 64/64 MP: 10/20
 15596 | Lair:3   | Killed a five-headed hydra
 15596 | Lair:3   | Reached skill level 10 in Dodging
 15602 | Lair:3   | Killed a four-headed hydra
 15644 | Lair:4   | Noticed an eight-headed hydra
 15668 | Lair:4   | Killed an eight-headed hydra
 16290 | Lair:4   | Found a snail-covered altar of Cheibriados.
 16308 | Lair:4   | Reached skill level 11 in Dodging
 16365 | Lair:4   | Reached ***** piety under Dithmenos
 16646 | Lair:4   | Found a staircase to the Shoals.
 17157 | Lair:5   | Noticed an eight-headed hydra
 17170 | Lair:5   | Killed an eight-headed hydra
 17170 | Lair:5   | Reached skill level 12 in Dodging
 17216 | Lair:5   | Reached skill level 10 in Hexes
 17429 | Lair:5   | Reached XP level 13. HP: 68/68 MP: 21/21
 18156 | Lair:6   | Entered Level 6 of the Lair of Beasts
 19012 | Lair:5   | Reached skill level 13 in Dodging
 19606 | Lair:6   | Reached skill level 10 in Short Blades
 19825 | Lair:6   | Found a viscous altar of Jiyva.
 19825 | Lair:6   | Found a staircase to the Slime Pits.
 19845 | Lair:6   | Noticed a fire dragon
 19861 | Lair:6   | Killed a fire dragon
 19916 | Lair:6   | Reached skill level 14 in Dodging
 20698 | Lair:6   | Noticed a fire dragon
 20717 | Lair:6   | Killed a fire dragon
 20883 | Lair:6   | Reached skill level 5 in Spellcasting
 21112 | Lair:6   | Reached skill level 15 in Dodging
 21128 | Lair:6   | Reached ****** piety under Dithmenos
 21314 | Lair:6   | Reached XP level 14. HP: 68/73 MP: 24/24
 22419 | Orc:1    | Entered Level 1 of the Orcish Mines
 23037 | Orc:2    | Entered Level 2 of the Orcish Mines
 23161 | Orc:2    | Found Bulizukast's Gadget Emporium.
 23162 | Orc:2    | Found a staircase to the Elven Halls.
 23259 | Orc:2    | Noticed a stone giant
 23280 | Orc:2    | Killed a stone giant
 23846 | Orc:2    | Found Qomu's Armour Emporium.
 23846 | Orc:2    | Found Zagaon's Magic Scroll Shop.
 23847 | Orc:2    | Found Ofurphos's Book Boutique.
 23847 | Orc:2    | Found Fulotuat's Food Emporium.
 23882 | Orc:2    | Reached skill level 15 in Stealth
 24055 | Orc:2    | Bought a bread ration for 60 gold pieces
 24055 | Orc:2    | Bought a royal jelly for 24 gold pieces
 24055 | Orc:2    | Bought a bread ration for 60 gold pieces
 24055 | Orc:2    | Bought a royal jelly for 24 gold pieces
 24055 | Orc:2    | Bought a bread ration for 60 gold pieces
 24055 | Orc:2    | Bought a bread ration for 60 gold pieces
 24055 | Orc:2    | Bought a royal jelly for 24 gold pieces
 24055 | Orc:2    | Bought a bread ration for 60 gold pieces
 24058 | Orc:2    | Bought a scroll of identify for 28 gold pieces
 24058 | Orc:2    | Bought a scroll of identify for 28 gold pieces
 24058 | Orc:2    | Bought a scroll of identify for 28 gold pieces
 25395 | D:12     | Found Hoigoinom's Weapon Boutique.
 25449 | D:12     | Identified a scroll of acquirement
 25627 | D:12     | Found Ewnekeff's Antique Weapon Shop.
 25714 | D:12     | Found Qyamnoemig's Assorted Antiques.
 25722 | D:12     | Bought a potion of haste for 260 gold pieces
 25722 | D:12     | Bought a potion of might for 104 gold pieces
 25884 | D:12     | Found Booqah's General Store.
 25891 | D:12     | Bought a scroll of identify for 34 gold pieces
 25891 | D:12     | Bought a potion of brilliance for 68 gold pieces
 26027 | D:13     | Found a labyrinth entrance.
 26041 | Lab      | Entered a labyrinth
 26234 | Lab      | Found an exit through the horrors of the Abyss.
 26568 | Lab      | Found an exit through the horrors of the Abyss.
 26882 | Lab      | Learned a level 3 spell: Regeneration
 26887 | Lab      | Learned a level 4 spell: Animate Dead
 26927 | D:13     | Reached XP level 15. HP: 79/79 MP: 25/29
 27876 | D:14     | Found a gate to the Vaults.
 27876 | D:14     | Noticed Rupert
 27876 | D:14     | Noticed Urug
 27973 | D:14     | Reached skill level 1 in Charms
 27985 | D:14     | Reached skill level 1 in Necromancy
 28038 | D:14     | Noticed a fire giant
 28086 | D:14     | Killed a fire giant
 28182 | D:14     | Killed Rupert
 28385 | D:14     | Reached skill level 5 in Charms
 28805 | D:14     | Found a radiant altar of Vehumet.
 28977 | D:14     | Killed Urug
 29210 | D:14     | Reached skill level 10 in Fighting
 29452 | D:15     | Entered Level 15 of the Dungeon
 29509 | D:15     | Noticed Roxanne
 29530 | D:15     | Noticed Azrael
 29535 | D:15     | Reached skill level 1 in Armour
 29576 | D:15     | Killed Azrael
 29746 | D:15     | Reached XP level 16. HP: 72/85 MP: 11/30
 30411 | D:15     | Noticed Agnes
 30923 | D:15     | Found a staircase to the Depths.
 31056 | D:15     | Upgraded the game from 0.20-a0-613-g92415a4 to 0.20-a0-622-g01f5896
 31373 | Orc:2    | Bought a book of Summonings for 1260 gold pieces
 31384 | Orc:2    | Learned a level 5 spell: Summon Mana Viper
 31390 | Orc:2    | Learned a level 5 spell: Aura of Abjuration
 31551 | Spider:1 | Entered Level 1 of the Spider Nest
 31556 | Spider:1 | Reached skill level 10 in Evocations
 31689 | Spider:1 | Reached skill level 1 in Summonings
 31881 | Spider:1 | Reached skill level 10 in Spellcasting
 32531 | Spider:2 | Noticed Louise
 32533 | Spider:2 | Noticed Nikola
 32534 | Spider:2 | Killed Louise
 32542 | Spider:2 | Killed Nikola
 32656 | Spider:2 | Noticed Donald
 32658 | Spider:2 | Killed Donald
 32756 | Spider:2 | Noticed Arachne
 32758 | Spider:2 | Killed Arachne
 32784 | Spider:2 | Reached skill level 5 in Necromancy
 33319 | Spider:3 | Identified Sif Muna's Collected Works on Shifting Necromancy
 33332 | Spider:3 | Learned a level 8 spell: Discord
 34114 | Spider:4 | Entered Level 4 of the Spider Nest
 34114 | Spider:4 | Noticed Jorgrun
 34127 | Spider:4 | Reached skill level 5 in Summonings
 34146 | Spider:4 | Killed Jorgrun
 34146 | Spider:4 | Reached XP level 17. HP: 89/89 MP: 27/33
 34277 | Spider:4 | Learned a level 6 spell: Deflect Missiles
 34622 | Spider:4 | Reached skill level 1 in Air Magic
 34898 | Spider:4 | Reached skill level 16 in Dodging
 36424 | Spider:4 | Got a gossamer rune of Zot
 36641 | Shoals:1 | Entered Level 1 of the Shoals
 37086 | Shoals:1 | Reached skill level 5 in Air Magic
 38855 | Shoals:4 | Entered Level 4 of the Shoals
 39495 | Shoals:3 | Reached XP level 18. HP: 44/93 MP: 20/35
 39562 | Shoals:3 | Reached skill level 10 in Charms
 40247 | Shoals:4 | Noticed Ilsuiw
 40434 | Shoals:4 | Got a sparkling crystal amulet
 40438 | Shoals:4 | Identified the amulet "Lyijusok" {RegenMP Dex+4} (You found it on level 4 of the Shoals)
 41416 | Shoals:4 | Got a barnacled rune of Zot
 42370 | Shoals:4 | Killed Ilsuiw
 42672 | D:8      | Killed Crishpax's ghost
 42746 | Elf:1    | Entered Level 1 of the Elven Halls
 42752 | Elf:1    | Reached skill level 17 in Dodging
 42798 | Elf:1    | Found a radiant altar of Vehumet.
 44004 | Elf:1    | Noticed Kirke
 44012 | Elf:1    | Killed Kirke
 44903 | Elf:1    | Noticed Frances
 44905 | Elf:1    | Killed Frances
 44905 | Elf:1    | Reached skill level 18 in Dodging
 44927 | Elf:1    | Reached XP level 19. HP: 98/98 MP: 31/37
 45403 | Elf:2    | Found a huge runed gate.
 45403 | Elf:2    | Found a huge runed gate.
 45403 | Elf:2    | Found a huge runed gate.
 45403 | Elf:2    | Found a huge runed gate.
 45403 | Elf:2    | Found a huge runed gate.
 45870 | Elf:2    | Found Aleunaj's Antique Armour Emporium.
 47456 | Elf:3    | Entered Level 3 of the Elven Halls
 47459 | Elf:3    | Found a flickering gateway to a bazaar.
 47468 | Bazaar   | Entered a bazaar
 47482 | Bazaar   | Found Solotuemn's Gadget Shop.
 47511 | Bazaar   | Found Bezurevuu's Gadget Shop.
 47552 | Bazaar   | Found Yllyuhek's Distillery.
 47577 | Bazaar   | Found Feqesero's Distillery.
 47585 | Bazaar   | Bought a potion of might for 80 gold pieces
 47585 | Bazaar   | Bought a potion of haste for 200 gold pieces
 47585 | Bazaar   | Bought a potion of heal wounds for 100 gold pieces
 47609 | Bazaar   | Bought a potion of heal wounds for 45 gold pieces
 47609 | Bazaar   | Bought a potion of agility for 36 gold pieces
 47609 | Bazaar   | Bought a potion of agility for 36 gold pieces
 47658 | Bazaar   | Bought a wand of scattershot (6/9) for 270 gold pieces
 47658 | Bazaar   | Bought a sack of spiders for 180 gold pieces
 49441 | Elf:3    | Noticed a Tzitzimitl
 49764 | Elf:3    | Reached skill level 15 in Spellcasting
 50144 | Elf:3    | Got a pitted rapier {pierce}
 50147 | Elf:3    | Identified the +7 rapier of Incongruity {pierce, rC- MR+ Int+3 SInv} (You took it off a deep elf mage on level 3 of the Elven Halls)
 50564 | Elf:3    | Learned a level 8 spell: Controlled Blink
 50640 | Elf:3    | Got a pitted bronze ring
 50658 | Elf:3    | Identified Nunih's Handbook of Venom and Transmigration
 50675 | Elf:3    | Identified the ring of Zopieh {rF+ Dex+3} (You found it on level 3 of the Elven Halls)
 50716 | Elf:3    | Learned a level 6 spell: Invisibility
 51348 | Vaults:1 | Entered Level 1 of the Vaults
 51450 | Vaults:1 | Reached XP level 20. HP: 97/106 MP: 16/40
 52483 | Vaults:1 | Reached skill level 19 in Dodging
 52738 | Vaults:1 | Found a sparkling altar of Nemelex Xobeh.
 53246 | Vaults:1 | Reached skill level 15 in Hexes
 53977 | Vaults:2 | Reached skill level 1 in Translocations
 54962 | Vaults:2 | Reached XP level 21. HP: 112/112 MP: 41/41
 55027 | Vaults:2 | Reached skill level 5 in Translocations
 55028 | Vaults:2 | Found a staircase to the Crypt.
 58094 | Vaults:3 | Reached skill level 10 in Translocations
 58461 | Orc:2    | Bought a scroll of acquirement for 728 gold pieces
 58956 | Depths:1 | Entered Level 1 of the Depths
 59746 | Depths:1 | Reached skill level 20 in Dodging
 60469 | Depths:1 | Found a gateway to Hell.
 60503 | Depths:1 | Found Ahuzom's Jewellery Shoppe.
 60503 | Depths:1 | Found Pemayczeo's Gadget Boutique.
 60504 | Depths:1 | Found Tiesilag's Gadget Boutique.
 61188 | Depths:2 | Reached XP level 22. HP: 118/118 MP: 39/43
 62070 | Depths:2 | Got an ancient dagger
 62071 | Depths:2 | Identified the +8 dagger of Dounuah {flame, MP+9 Stlth+} (You found it on level 2 of the Depths)
 62420 | Depths:2 | Noticed a caustic shrike
 62422 | Depths:2 | Killed a caustic shrike
 62422 | Depths:2 | Reached skill level 15 in Translocations
 62817 | Depths:2 | Noticed a caustic shrike
 62818 | Depths:2 | Noticed a caustic shrike
 62818 | Depths:2 | Noticed a caustic shrike
 62819 | Depths:2 | Killed a caustic shrike
 62850 | Depths:2 | Killed a caustic shrike
 62861 | Depths:2 | Killed a caustic shrike
 64267 | Depths:3 | Found a gateway to a ziggurat.
 64282 | Depths:3 | Noticed a juggernaut
 64309 | Depths:3 | Killed a juggernaut
 65312 | Depths:3 | Got a coiled silver ring
 65314 | Depths:3 | Identified the ring "Ducaimy" {EV+3 Str+7} (You found it on level 3 of the Depths)
 65355 | Depths:3 | Found a one-way gate to the infinite horrors of the Abyss.
 65659 | Depths:3 | Reached XP level 23. HP: 122/122 MP: 45/45
 65774 | Depths:3 | Found a one-way gate leading to the halls of Pandemonium.
 66145 | Depths:4 | Noticed an ancient lich
 66791 | Depths:4 | Killed an ancient lich
 67389 | Depths:4 | Noticed a caustic shrike
 67408 | Depths:4 | Killed a caustic shrike
 69633 | Orc:2    | Learned a level 6 spell: Shadow Creatures
 69896 | Depths:5 | Entered Level 5 of the Depths
 70868 | Depths:5 | Reached skill level 15 in Fighting
 71317 | Depths:5 | Reached XP level 24. HP: 131/131 MP: 45/45
 71446 | Depths:5 | Found a gate to the Realm of Zot.
 72613 | Vaults:4 | Reached skill level 21 in Dodging
 72675 | Vaults:4 | Found a ruined gateway.
 72680 | Desolati | Entered the Desolation of Salt
 72863 | Desolati | Got a fine ivory ring
 72864 | Desolati | Identified the ring "Exeuxtur" {+Inv +Fly} (You found it in the Desolation of Salt)
 73248 | Desolati | Got a steaming ivory amulet
 73252 | Desolati | Identified the amulet "Waemu" {Reflect Dex+3 SH+2} (You found it in the Desolation of Salt)
 73516 | Desolati | Noticed Nico3ck's ghost (adept FoFi)
 73562 | Desolati | Killed Nico3ck's ghost
 73673 | Desolati | Got a scorched garnet amulet
 73675 | Desolati | Identified Sif Muna's Guide on the Cloudy Volcanoes
 73705 | Desolati | Identified the Reference Book on Ashen Companions
 73730 | Desolati | Learned a level 1 spell: Summon Butterflies
 73732 | Desolati | Got a faintly humming robe
 73738 | Desolati | Identified the amulet "Ogry" {Gourm Int+5} (You found it in the Desolation of Salt)
 73739 | Desolati | Identified the +0 robe "Ureabry" {+Inv} (You found it in the Desolation of Salt)
 74083 | Vaults:4 | Reached skill level 22 in Dodging
 74191 | Vaults:4 | Gained mutation: Your magical capacity is low. (-10% MP) [mutagenic glow]
 75167 | Vaults:4 | Reached skill level 15 in Evocations
 75748 | Vaults:4 | Reached XP level 25. HP: 136/136 MP: 40/41
 75977 | Vaults:5 | Entered Level 5 of the Vaults
 78088 | Vaults:5 | Found Ipeariv's Food Shoppe.
 78095 | Vaults:5 | Found Nysm's Food Boutique.
 78095 | Vaults:5 | Found Nuorown's Distillery.
 78120 | Vaults:5 | Found Roamaog's Magic Scroll Emporium.
 78184 | Vaults:5 | Bought a potion of haste for 120 gold pieces
 78184 | Vaults:5 | Bought a potion of agility for 48 gold pieces
 78184 | Vaults:5 | Bought a potion of heal wounds for 60 gold pieces
 78198 | Vaults:5 | Found Bigofur's Distillery.
 78198 | Vaults:5 | Found Menioqoo's Food Emporium.
 78203 | Vaults:5 | Bought 2 potions of heal wounds for 190 gold pieces
 78203 | Vaults:5 | Bought a potion of resistance for 190 gold pieces
 78212 | Vaults:5 | Found Usoclei's Magic Scroll Shop.
 78225 | Vaults:5 | Found Liveof's Magic Scroll Shoppe.
 78230 | Vaults:5 | Bought a scroll of teleportation for 57 gold pieces
 78230 | Vaults:5 | Bought a scroll of teleportation for 57 gold pieces
 78237 | Vaults:5 | Got a silver rune of Zot
 78285 | Vaults:5 | Bought a royal jelly for 28 gold pieces
 78285 | Vaults:5 | Bought a bread ration for 70 gold pieces
 78784 | Vaults:5 | Identified the Almanac of Creative Envenoming
 78847 | Vaults:5 | Reached skill level 23 in Dodging
 79447 | Vaults:5 | Got a warped cloak
 79450 | Vaults:5 | Identified the cursed +0 cloak "Tyunips" {rElec} (You found it on level 5 of the Vaults)
 80294 | Orc:2    | Bought a Grand Grimoire for 1987 gold pieces
 80307 | Orc:2    | Learned a level 7 spell: Malign Gateway
 80611 | Zot:1    | Entered Level 1 of the Realm of Zot
 80782 | Zot:1    | Reached skill level 10 in Summonings
 80862 | Zot:3    | Reached XP level 26. HP: 142/142 MP: 36/42
 81160 | Zot:5    | Entered Level 5 of the Realm of Zot
 81854 | Zot:5    | Noticed an ancient lich
 81856 | Zot:5    | Killed an ancient lich
 81878 | Zot:5    | Noticed an orb of fire
 81884 | Zot:5    | Noticed an orb of fire
 81895 | Zot:5    | Got the Orb of Zot
 81906 | Zot:5    | Noticed an orb of fire
 81955 | Zot:5    | Learned a level 8 spell: Disjunction
 82118 | Depths:2 | Gained mutation: Your spells are a little harder to cast, but a little more powerful. [mutagenic glow]
 82595 | D:$      | Escaped with the Orb!

Vault maps used:
D:1:      scummos_arrival_simple_fountains
D:2:      minivault_19
D:3:      elyvilon_altar_1
D:4:      serial_shops, nicolae_shop_competitors_out_of_business,
          kennysheep_mini_moat, nicolae_shop_stone, first_bread,
          grunt_qazlal_sundering
D:5:      nicolae_tso_swordbearing_angel, minmay_temple_entry_hall
D:6:      amethyst_overflow_temple_binary, uniq_eustachio, uniq_sigmund
D:7:      old_standard_altar, serial_bayou, serial_bayou_pond_e,
          serial_bayou_ford_a, serial_bayou_pond_e, serial_bayou_shore_a
D:8:      tgw_sif, lair_entry_dummy
D:9:      ashenzari_conservatory_becter
D:12:     serial_shops, shop, nicolae_shop_trees, shop, nicolae_shop_statue_plus
D:13:     lab_entry_generic, hangedman_ranch
D:14:     minmay_octo_star, david_vaults_3, lemuel_tele_altar,
          hangedman_decor_clover_reticule
D:15:     grunt_enter_depths_snipers, hangedman_decor_push, fountainhead,
          uniq_roxanne, uniq_azrael, uniq_agnes
Temple:   regret_index_temple_generic_petals
Lair:1:   st_stairs_10, guppyfry_lair_drakes, lemuel_fruit_fields, uniq_grum
Lair:2:   infiniplex_staircase_pool, grunt_megastairs_4, serial_bayou_shore_b
Lair:3:   spider_nest_entry_rubble, small_statue_intersection,
          minmay_hedge_maze, beast_lair_carwin_10, grunt_megastairs_1,
          serial_bayou_shore_b, lemuel_fruit_tree
Lair:4:   elwin_shoals_entry_rocks, basic_altar, columned_hall_lemuel
Lair:6:   hangedman_lair_in_review, guppyfry_lair_end_dragon,
          dpeg_slime_entry_enclosed_altar, bobbens_dragon_lair_wall
Shoals:2: nicolae_shoals_this_corrosion
Shoals:3: nicolae_shoals_isolated_beach
Shoals:4: shoals_end_grunt_ice, shoals_ilsuiw_ice
Spider:2: uniq_nikola, uniq_donald, uniq_arachne, uniq_louise
Spider:4: grunt_spider_rune_parallel, uniq_jorgrun
Orc:2:    st_orc_ogre_mass, serial_shops, nicolae_shop_trees,
          nicolae_orc_lava_tube
Elf:1:    eino_elf_arrival_altar, hangedman_elf_represent, minivault_27,
          minivault_16, uniq_frances, uniq_kirke
Elf:2:    serial_shops, shop, basic_loot_grate_trap, spider_trap
Elf:3:    minmay_elf_hall_four_x, serial_shops, bzr_entry_lakeside
Vaults:1: st_octagons_1, vaults_room_octagon, nicolae_vaults_three_branches,
          v_alt_pattern_1, v_pattern_3, grunt_vaults_diagonal,
          ontoclasm_vaults_hangar, nicolae_vaults_diagonal_hallway_7,
          vaults_dpeg_ring, v_misc_30, v_misc_26,
          vaults_room_grunt_arrival_ludios, nicolae_vaults_little_squares_4,
          vaults_room_hallway, basic_altar
Vaults:2: vaults_room_fours, st_spiral_rooms, vaults_dpeg_cross, v_misc_9,
          nicolae_vaults_network_periphery, hangedman_vaults_trim,
          ontoclasm_vaults_spin, vaults_dpeg_hooks,
          minmay_crypt_entry_simple_box, nicolae_vaults_circle_grid_a,
          vaults_room_pools, v_pattern_1, vaults_room_fancy_cross,
          grunt_vaults_focal
Vaults:3: ontoclasm_vaults_bender, v_misc_30, hangedman_vaults_hat, v_misc_11,
          hangedman_vaults_stagger, v_misc_1, v_misc_27
Vaults:4: nicolae_vaults_hallways_thing, vaults_room_grid,
          ontoclasm_vaults_misaligned, hangedman_vaults_variations,
          vaults_standard_mumra_x, v_alt_pattern_2, vaults_room_pools,
          hangedman_vaults_nodes, nicolae_vaults_ring_of_whatevers,
          nicolae_vaults_quadrants, vaults_room_semicircle,
          dpeg_vaults_monster_row, vaults_mumra_hex,
          portal_desolation_entry_ruin
Depths:1: dk_noncrumbling_4, pf_hell_entry_tar_spiral,
          kennysheep_generic_room_16, minmay_shop_grove
Depths:2: minmay_textured_paths, pf_hell_entry_great_geh,
          minmay_misc_feat_ornament, kennysheep_two_boxes, serial_bayou_shore_b,
          infiniplex_staircase_split_hallway
Depths:3: hangedman_crystal_crosses_colossus, hell_entry, abyss_entry, pan_entry
Depths:4: nicolae_legendary_halls, hell_entry, hangedman_abyss_entry_splay,
          hangedman_abyss_or_decor_lesser_grid, serial_bayou_shore_b,
          infiniplex_staircase_spiral_double
Depths:5: grunt_crosshair, grunt_mini_vestibule, pan_entry
Zot:1:    st_stairs_10
Zot:2:    lemuel_draconian_sentries_small, hangedman_zot_decor_unnerving_road,
          hangedman_zot_decor_scrapings
Lab:      labyrinth_mini_lab, nicolae_lab_quarters, labyrinth_fake_exit,
          lab_hedge
Bazaar:   dpeg_bazaar_wands

Skill      XL: |  1  2  3  4  5  6  7  8  9 10 11 12 13 14 15 16 17 18 19 20 21 22 23 24 25 26 |
---------------+-------------------------------------------------------------------------------+-----
Stealth        | 5 6 7 11 12 13 15 17 18 19 20 21 22 | 22.7
Hexes          | 4 7 10 11 13 15 16 17 18 19 | 19.4
Dodging        | 5 8 9 12 15 16 18 19 20 22 23 | 23.6
Short Blades   | 2 4 5 6 8 11 13 14 | 14.0
Fighting       | 2 3 5 8 9 10 11 12 13 15 | 15.7
Spellcasting   | 4 6 9 11 12 13 15 16 17 18 | 18.9
Ice Magic      | 1 |  1.4
Conjurations   | 1 |  1.2
Invocations    | 3 |  3.3
Evocations     | 7 8 9 10 11 12 15 17 | 17.1
Shields        | 3 6 |  6.0
Charms         | 5 9 11 | 11.3
Necromancy     | 3 5 |  5.8
Armour         | 2 3 |  3.5
Summonings     | 5 9 10 13 | 13.1
Air Magic      | 6 7 |  7.9
Translocations | 4 11 17 | 17.7

Action                   |  1- 3 |  4- 6 |  7- 9 | 10-12 | 13-15 | 16-18 | 19-21 | 22-24 | 25-27 || total
-------------------------+-------+-------+-------+-------+-------+-------+-------+-------+-------++-------
Melee: Dagger            |   124 |   280 |   309 |       |       |       |       |       |       ||   713
       Rapier            |       |       |    53 |   290 |  1096 |  1290 |  1463 |  1070 |   665 ||  5927
       Quick blade       |       |       |       |       |       |       |       |   210 |       ||   210
       Demon blade       |       |       |       |       |       |       |       |     6 |       ||     6
Throw: Throwing net      |       |       |       |       |       |       |       |     3 |       ||     3
 Cast: Corona            |    16 |    15 |     5 |     4 |     5 |     2 |       |       |       ||    47
       Ensorcelled Hiber |     9 |    42 |    47 |   101 |    66 |   220 |     8 |       |       ||   493
       Confuse           |       |    11 |    37 |    64 |   193 |   167 |   131 |   234 |   122 ||   959
       Dazzling Spray    |       |       |       |       |    77 |    76 |   179 |    98 |    16 ||   446
       Animate Dead      |       |       |       |       |     2 |     7 |       |       |       ||     9
       Summon Mana Viper |       |       |       |       |       |    32 |    92 |    86 |    42 ||   252
       Regeneration      |       |       |       |       |       |     1 |       |       |     3 ||     4
       Aura of Abjuratio |       |       |       |       |       |     5 |    11 |     6 |       ||    22
       Deflect Missiles  |       |       |       |       |       |     1 |     2 |     5 |     1 ||     9
       Invisibility      |       |       |       |       |       |       |    18 |    17 |     6 ||    41
       Discord           |       |       |       |       |       |       |       |       |     4 ||     4
       Shadow Creatures  |       |       |       |       |       |       |       |       |    12 ||    12
       Controlled Blink  |       |       |       |       |       |       |       |       |     2 ||     2
       Malign Gateway    |       |       |       |       |       |       |       |       |     4 ||     4
       Disjunction       |       |       |       |       |       |       |       |       |     2 ||     2
Invok: Shadow Step       |       |       |       |       |     2 |    17 |     1 |    11 |     8 ||    39
 Abil: Evoke Flight      |       |       |       |       |       |       |     2 |       |       ||     2
       Stop Flying       |       |       |       |       |       |       |     1 |       |       ||     1
Evoke: Wand              |       |       |     1 |     6 |     9 |    24 |     7 |     8 |    19 ||    74
       Phantom mirror    |       |       |       |       |       |     1 |       |       |       ||     1
       Phial of floods   |       |       |       |       |       |     2 |     1 |       |       ||     3
  Use: Scroll            |       |    13 |     4 |     4 |    28 |    12 |    19 |    27 |    18 ||   125
       Potion            |       |       |       |       |     1 |     2 |     2 |     4 |    12 ||    21
 Stab: Sleeping          |    11 |    31 |    43 |    81 |   126 |   216 |   137 |   207 |    39 ||   891
       Confused          |       |     3 |    28 |    39 |   114 |    81 |    82 |   145 |    61 ||   553
       Distracted        |       |       |       |     2 |     6 |    18 |    13 |    27 |    15 ||    81
       Invisible         |       |       |       |       |    28 |    19 |   130 |    57 |    28 ||   262
       Petrified         |       |       |       |       |     1 |       |       |       |       ||     1
       Held in net/web   |       |       |       |       |       |       |       |     1 |       ||     1
  Eat: Fruit             |       |     6 |       |     4 |     7 |     5 |    13 |     9 |     1 ||    45
       Bread ration      |       |     1 |     1 |       |     2 |     2 |     2 |     2 |     2 ||    12
       Royal jelly       |       |       |     2 |       |     1 |     1 |     3 |     1 |     3 ||    11
Armor: Robe              |    15 |    22 |    15 |    12 |    10 |       |       |       |       ||    74
       Steam dragon scal |       |       |       |       |    18 |    48 |    57 |    66 |    33 ||   222
Dodge: Dodged            |   113 |   288 |   199 |   237 |   552 |   763 |   583 |   587 |   415 ||  3737
       Deflected         |       |       |       |       |       |     8 |    19 |    14 |     7 ||    48
Block: Buckler           |       |       |       |    43 |   231 |   500 |   416 |   359 |   194 ||  1743
       Reflection        |       |       |       |       |     4 |    55 |    51 |    10 |    22 ||   142
       Rpst.: Demon blade |       |       |       |       |       |       |       |     4 |       ||     4
